[Event "European Blitz-ch 2018"]
[Site "Skopje"]
[Date "2018.12.06"]
[Round "3"]
[White "Andonovski, Ljubisa"]
[Black "Van Foreest, Lucas"]
[Result "1/2-1/2"]
[ECO "E05"]
[WhiteElo "2287"]
[BlackElo "2500"]
[Annotator "RC"]
[PlyCount "104"]
[EventDate "2018.12.06"]
[EventType "swiss"]
[EventCountry "MKD"]
[SourceTitle "playchess.com"]
[Source "ChessBase"]
[SourceQuality "1"]
[TimeControl "180+2"]

1. d4 Nf6 2. c4 e6 3. Nf3 d5 4. g3 Be7 5. Bg2 O-O 6. O-O dxc4 7. Qc2 a6 8. a4 Bd7 9. Qxc4 Bc6 10. Bf4 Bd6 11. Bg5 Nbd7 12. Nc3 h6 13. Bxf6 Nxf6 14. Qd3 Bb4 15. Ne5 Bxg2 16. Kxg2 a5 17. Rfd1 c6 18. Kg1 Qe7 19. Ne4 Nxe4 20. Qxe4 Rfd8 21. e3 Qd6 22. Nd3 Qd5 23. Qxd5 exd5 24. Nxb4 axb4 25. a5 Ra6 26. Ra4 b5 27. Rxb4 Rxa5 28. Rc1 Rd6 29. Rb3 Kf8 30. Ra3 Rxa3 31. bxa3 Ke7 32. a4 bxa4 33. Ra1 Rd7 34. Rxa4 Rb7 35. Kg2 Rb2 36. g4 Kf6 37. h4 Kg6 38. Ra7 Rc2 39. Kg3 Rc1 40. Rd7 Rg1+ 41. Kf3 Rc1 42. Kf4 Kf6 43. g5+ hxg5+ 44. hxg5+ Ke6 45. Ra7 Rc2 46. f3 Rc4 47. Rc7 Rc3 48. Rc8 Ke7 49. Rg8 g6 50. Rc8 Kd7 51. Rf8 Ke7 52. Rc8 Kd7 1/2-1/2